 Dungeon Crawl Stone Soup version 0.22-a0-322-g60b3cfd (webtiles) character file.

18 Kairos the Charmwright (level 2, 22/22 HPs)
             Began as a Merfolk Skald on Apr 4, 2018.
             Got out of the dungeon alive.
             The game lasted 00:01:27 (972 turns).

Kairos the Charmwright (Merfolk Skald)               Turns: 972, Time: 00:01:28

Health: 22/22      AC:  4    Str: 11    XL:     2   Next: 66%
Magic:  5/5        EV: 12    Int: 12    God:
Gold:   51         SH:  0    Dex: 13    Spells: 4/5 levels left

rFire    x . .     SeeInvis .   a - +0 spear
rCold    + . .     Gourm    .   (no shield)
rNeg     . . .     Faith    .   b - +0 leather armour
rPois    .         Spirit   .   (no helmet)
rElec    .         Reflect  .   (no cloak)
rCorr    .         Harm     .   (no gloves)
MR       .....                  e - +0 pair of boots
Stlth    +.........             (no amulet)
HPRegen  0.07/turn              m - ring of ice
MPRegen  0.09/turn              (no ring)

@: no status effects
A: change form in water, swift swim, stealthy swim
a: no special abilities


You escaped.
You were not hungry.

You visited 1 branch of the dungeon, and saw 2 of its levels.

You collected 51 gold pieces.

Inventory:

Hand Weapons
 a - a +0 spear (weapon)
Armour
 b - a +0 leather armour (worn)
 e - a +0 pair of boots (worn)
 n - a +0 cloak
Jewellery
 m - a ring of ice (left hand)
Scrolls
 c - 2 scrolls of remove curse {unknown}
 f - a scroll of random uselessness {unknown}
 g - a scroll of enchant armour {unknown}
 h - a scroll of teleportation {unknown}
 i - 2 scrolls of identify {unknown}
 j - a scroll of fear {unknown}
Potions
 k - a potion of curing {unknown}
 l - a potion of heal wounds {unknown}
Comestibles
 d - a ration


   Skills:
 + Level 2.2 Fighting
 + Level 3.3 Polearms
 + Level 0.6 Armour
 + Level 2.9 Dodging
 + Level 2.2 Spellcasting
 + Level 3.6 Charms


You had 4 spell levels left.
You knew the following spells:

 Your Spells              Type           Power        Failure   Level  Hunger
a - Infusion              Chrm           ##..         8%          1    ##.....


Dungeon Overview and Level Annotations

Branches:
Dungeon (2/15)

Altars:


Message History

You closely miss the goblin. The goblin closely misses you.
You hit the goblin.
You kill the goblin!
No target in view!
No target in view!
No target in view!
There is a stone staircase leading up here.
Found a cloak.
l - a murky orange potion
m - a diamond ring You see here a cloak.
n - a cloak You feel more attuned to ice.
m - a ring of ice (left hand)
There is a stone staircase leading up here.
You climb upwards.
There is a stone staircase leading down here.
There is a staircase leading out of the dungeon here.
Are you sure you want to leave the Dungeon?
This will make you lose the game!
You have escaped!

....#######..#
.........###.# .........#
#.##
#........###..###########
............>...........#
###...#######..########.#
......# ###.....#####..#
###...####..............#
#...##....##..@...#...#
#...##...####...####..#
###.)).#.### #...# ##.#
...###...# ##...## #.#
##.# #..## ##.....## #.#
#.# ##..## #.......###.#
#.# ##..###..##...##..#
#.# #......###....#..#
#.# ##.....###.......#


There were no monsters in sight!

Vanquished Creatures
  2 leopard geckos (D:1)
  5 goblins
  2 hobgoblins (D:1)
  2 bats (D:1)
  2 frilled lizards (D:1)
  A kobold (D:1)
  A rat (D:1)
15 creatures vanquished.

Notes
Turn   | Place    | Note
-------+----------+-------------------------------------------
     0 | D:1      | Kairos the Merfolk Skald began the quest for the Orb.
     0 | D:1      | Reached XP level 1. HP: 16/16 MP: 3/3
   304 | D:1      | Reached XP level 2. HP: 22/22 MP: 5/5
   972 | D:$      | Got out of the dungeon alive.

Vault maps used:
D:1:      dpeg_arrival_arbitrary_b, serial_park_tiny_1
D:2:      first_ration

Action                   || total
-------------------------++-------
Melee: Spear             ||    69
 Cast: Infusion          ||     1
Armor: Leather armour    ||    18
Dodge: Dodged            ||    29

Table legend:
 A = Spawn XP
 B = Non-spawn XP
 C = Spawn XP percentage of total XP
 D = Spawn monster count
 E = Non-spawn monster count
 F = Spawn count percentage of total count
 G = Total turns spent on level
                    A         B        C        D         E        F      G
               +---------+---------+-------+---------+---------+-------+---------
         Total |       0 |      26 |   0.0 |       0 |      15 |   0.0 |   972
               +---------+---------+-------+---------+---------+-------+---------
           D:1 |       0 |      25 |   0.0 |       0 |      14 |   0.0 |   946
           D:2 |       0 |       1 |   0.0 |       0 |       1 |   0.0 |    26
               +---------+---------+-------+---------+---------+-------+---------
